 Dungeon Crawl Stone Soup version 0.29-a0-1043-g569b05d6ff (webtiles) character file.

Game seed: 12956771959224415572

739 jfcaron the Skirmisher (level 7, -2/56 HPs)
             Began as a Gnoll Hunter on Aug 15, 2022.
             Was an Initiate of Dithmenos.
             Killed from afar by an electric eel (7 damage)
             ... with a bolt of electricity
             ... on level 9 of the Dungeon.
             The game lasted 00:09:53 (5812 turns).

jfcaron the Skirmisher (Gnoll Hunter)               Turns: 5812, Time: 00:09:54

Health: -2/56      AC: 13    Str: 18    XL:     7   Next: 75%
Magic:  11/11      EV:  9    Int:  9    God:    Dithmenos [......]
Gold:   6          SH:  0    Dex: 15    Spells: 11/11 levels left

rFire   . . .      SeeInvis .   a - +0 shortbow
rCold   + . .      Faith    .   (shield currently unavailable)
rNeg    . . .      Spirit   .   m - +1 chain mail
rPois   .          Reflect  .   (no helmet)
rElec   .          Harm     .   (no cloak)
rCorr   .          Rampage  .   (no gloves)
Will    .....                   i - +2 pair of boots {Stlth+}
Stlth   ..........              (no amulet)
HPRegen 0.18/turn               h - ring of protection from cold
MPRegen 0.12/turn               c - +6 ring of strength

@: no status effects
A: fangs 1, strong nose, distributed training
a: Renounce Religion


You were on level 9 of the Dungeon.
You worshipped Dithmenos.
Dithmenos was noncommittal.
You visited 1 branch of the dungeon, and saw 7 of its levels.

You collected 264 gold pieces.
You spent 258 gold pieces at shops.

Inventory:

Hand Weapons
 a - a +0 shortbow (weapon)
 s - a +0 quarterstaff
 t - a +0 spear
 y - a +0 rapier
 B - a +1 dire flail of protection
 C - a +3 dagger of speed
 D - a +2 vorpal hand axe
 E - a +0 trident
Missiles
 d - 29 stones
 o - 7 poisoned darts
Armour
 i - a +2 pair of boots of stealth (worn)
 m - a +1 chain mail (worn)
Magical Staves
 u - a staff of fire
Jewellery
 c - a +6 ring of strength (right hand)
 h - a ring of protection from cold (left hand)
 v - a ring of fire
Wands
 f - a wand of light (6)
 w - a wand of iceblast (13)
 z - a wand of polymorph (23)
Scrolls
 b - 3 scrolls of immolation
 g - a scroll of vulnerability {unknown}
 j - 3 scrolls of teleportation
 n - 2 scrolls of enchant weapon {unknown}
 q - a scroll of fear
 A - 3 scrolls of enchant armour
Potions
 e - 4 potions of haste
 k - 2 potions of heal wounds {unknown}
 l - 5 potions of ambrosia
 p - 3 potions of curing
 r - 3 potions of flight


   Skills:
 + Level 5.4 Fighting
 + Level 2.8 Short Blades
 + Level 2.8 Long Blades
 + Level 2.8 Axes
 + Level 2.8 Maces & Flails
 + Level 2.8 Polearms
 + Level 2.8 Staves
 + Level 9.0 Ranged Weapons
 + Level 2.8 Throwing
 + Level 2.8 Armour
 + Level 5.4 Dodging
 + Level 3.7 Stealth
 + Level 2.8 Shields
 + Level 2.8 Unarmed Combat
 + Level 2.8 Spellcasting
 + Level 2.2 Conjurations
 + Level 2.2 Hexes
 + Level 2.2 Summonings
 + Level 2.2 Necromancy
 + Level 2.2 Translocations
 + Level 2.2 Transmutations
 + Level 2.2 Fire Magic
 + Level 2.2 Ice Magic
 + Level 2.2 Air Magic
 + Level 2.2 Earth Magic
 + Level 2.2 Poison Magic
 + Level 3.1 Invocations
 + Level 2.8 Evocations


You had 11 spell levels left.
You didn't know any spells.
Your spell library was empty.

Dungeon Overview and Level Annotations

Branches:
Dungeon (6/15)
 Temple: D:4-7

Altars:
Ashenzari
Dithmenos
Hepliaklqana
Xom
Zin

Shops:
D:3 [   D:4 [


Innate Abilities, Weirdness & Mutations

You have very sharp teeth.
Your uncanny sense of smell can sniff out nearby items.
Your experience applies equally to all skills.


Message History

An electric eel comes into view.
You shoot an arrow. The arrow hits the electric eel!
The electric eel is heavily wounded.
The electric eel shoots out a bolt of lightning at you!
The bolt of electricity hits you but does no damage.
The bolt of electricity hits you.
You shoot an arrow. The arrow hits the electric eel.
The electric eel is almost dead.
The electric eel shoots out a bolt of lightning at you!
The bolt of electricity hits you! The bolt of electricity misses you.
You shoot an arrow. The arrow misses the electric eel.
The electric eel shoots out a bolt of lightning at you!
The bolt of electricity misses you. The bolt of electricity hits you.
You shoot an arrow.
The arrow barely misses the electric eel.
The electric eel shoots out a bolt of lightning at you!
The bolt of electricity hits you. The bolt of electricity hits you!
You shoot an arrow. The arrow misses the electric eel.
The electric eel shoots out a bolt of lightning at you!
The bolt of electricity hits you. The bolt of electricity hits you!
You are too injured to fight recklessly!
Fire: a) +0 shortbow
Press: ? - help, Q - select action, (/) - cycle Shift-Dir - straight line, f/p - electric eel
Aim: an electric eel (water, almost dead, 50% to hit)
You shoot an arrow.
The arrow hits the electric eel but does no damage.
The electric eel is almost dead.
Fire: a) +0 shortbow
Press: ? - help, Q - select action, (/) - cycle Shift-Dir - straight line, f/p - electric eel
Aim: an electric eel (water, almost dead, 50% to hit)
You shoot an arrow.
The arrow closely misses the electric eel.
The electric eel shoots out a bolt of lightning at you!
The bolt of electricity hits you!
* * * LOW HITPOINT WARNING * * *
The bolt of electricity hits you.
* * * LOW HITPOINT WARNING * * *
The electric eel shoots out a bolt of lightning at you!
The bolt of electricity hits you!
You die...

≈ ≈P #≈ ≈# ######
.S.≈ .....######.
.#. ####........ ..
....######## .#
###.#############.#
#.............@.#
#################


You could see an electric eel.

Vanquished Creatures
  A phantom (D:5)
  A gnoll sergeant (D:6)
  A necrophage (D:5)
  A jelly (D:6)
  An orc priest (D:3)
  3 hounds (D:5)
  2 iguanas (D:6)
  Natasha (thrice) (D:2)
  2 orc wizards
  3 gnolls
  9 adders
  3 worms
  6 dart slugs
  10 orcs
  5 endoplasms
  5 giant cockroaches
  4 goblins
  12 hobgoblins
  9 jackals
  2 quokkas
  5 ball pythons
  6 bats
  3 frilled lizards
  9 kobolds
  6 rats
112 creatures vanquished.

Notes
Turn   | Place    | Note
-------+----------+-------------------------------------------
     0 | D:1      | jfcaron the Gnoll Hunter began the quest for the Orb.
     0 | D:1      | Reached XP level 1. HP: 20/20 MP: 1/1
    80 | D:1      | Reached XP level 2. HP: 22/26 MP: 2/2
   400 | D:1      | Reached XP level 3. HP: 27/31 MP: 3/3
   472 | D:1      | Found a faded altar of an unknown god.
   737 | D:2      | Reached skill level 1 in Invocations
   970 | D:2      | Reached skill level 1 in Short Blades
   970 | D:2      | Reached skill level 1 in Long Blades
   970 | D:2      | Reached skill level 1 in Axes
   970 | D:2      | Reached skill level 1 in Maces & Flails
   970 | D:2      | Reached skill level 1 in Polearms
   970 | D:2      | Reached skill level 1 in Staves
   970 | D:2      | Reached skill level 1 in Throwing
   970 | D:2      | Reached skill level 1 in Armour
   970 | D:2      | Reached skill level 1 in Shields
   970 | D:2      | Reached skill level 1 in Unarmed Combat
   970 | D:2      | Reached skill level 1 in Spellcasting
   970 | D:2      | Reached skill level 1 in Evocations
  1349 | D:2      | Reached XP level 4. HP: 38/38 MP: 5/5
  1380 | D:2      | Noticed Natasha
  1389 | D:2      | Killed Natasha
  1390 | D:2      | Reached skill level 1 in Conjurations
  1390 | D:2      | Reached skill level 1 in Hexes
  1390 | D:2      | Reached skill level 1 in Summonings
  1390 | D:2      | Reached skill level 1 in Necromancy
  1390 | D:2      | Reached skill level 1 in Translocations
  1390 | D:2      | Reached skill level 1 in Transmutations
  1390 | D:2      | Reached skill level 1 in Fire Magic
  1390 | D:2      | Reached skill level 1 in Ice Magic
  1390 | D:2      | Reached skill level 1 in Air Magic
  1390 | D:2      | Reached skill level 1 in Earth Magic
  1390 | D:2      | Reached skill level 1 in Poison Magic
  1623 | D:2      | Noticed Natasha
  1627 | D:2      | Killed Natasha
  1628 | D:2      | Reached XP level 5. HP: 35/43 MP: 5/7
  2249 | D:2      | Noticed Natasha
  2254 | D:2      | Killed Natasha
  2819 | D:3      | Found a hazy altar of Hepliaklqana.
  2864 | D:3      | Found a broken altar of Ashenzari.
  2958 | D:3      | Found Qiufigi's Armour Boutique.
  3071 | D:3      | Reached XP level 6. HP: 50/50 MP: 8/8
  3087 | D:3      | Reached skill level 5 in Fighting
  3087 | D:3      | Reached skill level 5 in Dodging
  3766 | D:4      | Found Gifaack's Antique Armour Boutique.
  4006 | D:5      | Entered Level 5 of the Dungeon
  4152 | D:5      | Found a shadowy altar of Dithmenos.
  4167 | D:5      | Became a worshipper of Dithmenos the Shadowed
  4279 | D:5      | Noticed Edmund
  4280 | D:5      | Noticed Edmund
  4280 | D:5      | Edmund changed into Edmund the kobold
  4281 | D:5      | Killed Edmund the kobold
  4729 | D:5      | Reached XP level 7. HP: 38/56 MP: 10/10
  5178 | D:3      | Bought a +2 pair of boots of stealth for 258 gold pieces
  5274 | D:6      | Noticed an angel
  5274 | D:6      | Found a shimmering altar of Xom.
  5318 | D:6      | Found a glowing silver altar of Zin.
  5524 | D:6      | Reached skill level 9 in Ranged Weapons
  5783 | D:6      | You fall into a shaft and drop 3 floors!
  5812 | D:9      | HP: 11/56 [electric eel/bolt of electricity (8)]
  5812 | D:9      | HP: 5/56 [electric eel/bolt of electricity (6)]
  5812 | D:9      | Killed from afar by an electric eel

Illustrated notes

Levels and vault maps discovered:
D:1:      spicycebolla_arrival_xxxplode, layout_basic,
          ebering_ecumenical_altar_box, minmay_vboxes
D:2:      layout_loops_corners, kennysheep_generic_room_7, uniq_natasha
D:3:      layout_basic, mainiacjoe_overflow_six_doors_small,
          nzn_hepliaklqana_mist_gate, serial_shops, shop_statue
D:4:      layout_loops_ring, serial_shops, nicolae_shop_trees
D:5:      layout_loops_ring, lemuel_tele_altar, serial_rivers,
          chequers_serial_rivers_small_b, chequers_serial_rivers_micro_c,
          chequers_serial_rivers_micro_a, chequers_serial_rivers_marsh,
          chequers_serial_rivers_micro_a, chequers_serial_rivers_micro_b,
          uniq_edmund
D:6:      layout_cave_pools, grunt_temple_overflow_order_and_chaos_1,
          minmay_temple_entry_large_hall, uniq_grinder, uniq_menkaure
D:9:      layout_loops_ring, nicolae_elyvilon_temple_path, serial_shops, shop,
          kennysheep_generic_room_5, uniq_psyche, uniq_harold, uniq_grum

Skill      XL: |  1  2  3  4  5  6  7 |
---------------+----------------------+-----
Invocations    | 1 2 3 |  3.1
Short Blades   | 1 2 |  2.8
Long Blades    | 1 2 |  2.8
Axes           | 1 2 |  2.8
Maces & Flails | 1 2 |  2.8
Polearms       | 1 2 |  2.8
Staves         | 1 2 |  2.8
Throwing       | 1 2 |  2.8
Armour         | 1 2 |  2.8
Shields        | 1 2 |  2.8
Unarmed Combat | 1 2 |  2.8
Spellcasting   | 1 2 |  2.8
Evocations     | 1 2 |  2.8
Conjurations   | 1 2 |  2.2
Hexes          | 1 2 |  2.2
Summonings     | 1 2 |  2.2
Necromancy     | 1 2 |  2.2
Translocations | 1 2 |  2.2
Transmutations | 1 2 |  2.2
Fire Magic     | 1 2 |  2.2
Ice Magic      | 1 2 |  2.2
Air Magic      | 1 2 |  2.2
Earth Magic    | 1 2 |  2.2
Poison Magic   | 1 2 |  2.2
Stealth        | 3 |  3.7
Fighting       | 5 |  5.4
Dodging        | 5 |  5.4
Ranged Weapons | 9 |  9.0

Action                   |  1- 3 |  4- 6 |  7- 9 || total
-------------------------+-------+-------+-------++-------
Melee: Unarmed           |       |     1 |       ||     1
 Fire: Shortbow          |   131 |   200 |    80 ||   411
Evoke: Wand              |       |     2 |       ||     2
  Use: Scroll            |       |    11 |       ||    11
Armor: Leather armour    |     8 |       |       ||     8
       Chain mail        |    48 |    82 |    66 ||   196
Dodge: Dodged            |    55 |    76 |    40 ||   171

Table legend: (Time is in decaauts)
 A = Elapsed time spent in this place.
 B = Non-inter-level travel time spent in this place.
 C = Inter-level travel time spent in this place.
 D = Time resting spent in this place.
 E = Time spent auto-exploring this place.
 F = Levels seen in this place.
 G = Mean time per level.
                   A        B        C        D        E       F      G
               +--------+--------+--------+--------+--------+-----+--------+
         Total |   6031 |   5524 |    507 |    520 |   4081 |   7 |  861.6 |
       Dungeon |   6031 |   5524 |    507 |    520 |   4081 |   7 |  861.6 |
               +--------+--------+--------+--------+--------+-----+--------+

Top non-repeatable levels by time:
     D:2: 1754 daAuts
     D:5: 1365 daAuts
     D:3: 1057 daAuts
     D:4: 810 daAuts
     D:1: 649 daAuts
     D:6: 362 daAuts
     D:9: 31 daAuts
